 Dungeon Crawl Stone Soup version 0.13-a0-2450-ga447c6a (webtiles) character file.

137 Kae the Firebug (level 3, -3/19 HPs)
             Began as a Tengu Fire Elementalist on July 17, 2013.
             Slain by Crazy Yiuf
             ... wielding a +4,+3 quarterstaff of chaos
              (5 damage)
             ... on Level 3 of the Dungeon.
             The game lasted 00:02:59 (2415 turns).

Kae the Firebug (Tengu Fire Elementalist)           Turns: 2415, Time: 00:03:00

HP  -3/19        AC  3     Str  8      XL: 3   Next: 83%
MP   2/7         EV 12     Int 16      God:
Gold 86          SH  0     Dex 14      Spells:  1 memorised,  3 levels left

Res.Fire  : . . .   See Invis. : .   f - +2 mace (crush)
Res.Cold  : . . .   Warding    : .   a - +1 robe
Life Prot.: . . .   Conserve   : .   (no shield)
Res.Poison: .       Res.Corr.  : .   (helmet restricted)
Res.Elec. : .       Clarity    : .   (no cloak)
Sust.Abil.: . .     Spirit.Shd : .   (no gloves)
Res.Mut.  : .       Stasis     : .   (boots unavailable)
Res.Rott. : .       Flight     : .   (no amulet)
Saprovore : . . .                    (no ring)
                                     (no ring)

@: invisible, very slightly contaminated, not resistant to hostile enchantments,
fairly stealthy
A: beak, talons 3
a: no special abilities


You were on level 3 of the Dungeon.
You were very hungry.

You visited 1 branch of the dungeon, and saw 3 of its levels.

You collected 66 gold pieces.

Inventory:

Hand weapons
 f - a +2,+2 mace of crushing (weapon)
Armour
 a - a +1 robe (worn)
Magical devices
 e - a wand of flame (10) {unknown}
Comestibles
 c - 2 bread rations
 h - a banana
Scrolls
 g - 2 scrolls of identify
 j - a scroll of remove curse {unknown}
 m - a scroll of amnesia
Jewellery
 d - an uncursed ring of see invisible {unknown}
 i - an uncursed amulet of faith
Potions
 k - a potion of resistance {unknown}
 l - 2 potions of heal wounds {unknown}
 n - a potion of mutation {unknown}
 o - a potion of curing {unknown}
Books
 b - a book of Flames

   Spells                             Type                      Level
   *Flame Tongue                      Conjuration/Fire             1
   Throw Flame                        Conjuration/Fire             2
   Conjure Flame                      Conjuration/Fire             3
   Inner Flame                        Hexes/Fire                   3
   Sticky Flame                       Conjuration/Fire             4
   Fireball                           Conjuration/Fire             5


   Skills:
 - Level 2.1 Dodging
 - Level 2.0 Stealth
 + Level 1.4 Spellcasting
 * Level 3.3 Conjurations
 * Level 4.1 Fire Magic


You had 3 spell levels left.
You knew the following spells:

 Your Spells              Type           Power        Failure   Level  Hunger
a - Flame Tongue          Conj/Fire      ##...        6%          1    ##.....


Dungeon Overview and Level Annotations

Branches:
Dungeon (3/27)

Altars:
Ashenzari
Sif Muna

Annotations
D:3 Crazy Yiuf


Innate Abilities, Weirdness & Mutations

You have a beak for a mouth.
You have claws for feet.


Message History

Crazy Yiuf is moderately wounded.
Crazy Yiuf drinks a potion.
Crazy Yiuf seems to speed up.
Casting: Flame Tongue
Confirm with . or Enter, or press ? or * to list all spells.
Aiming: Flame Tongue
Press: ? - help, Shift-Dir - straight line, f/p - Crazy Yiuf
Aim: Crazy Yiuf, wielding a quarterstaff of chaos and wearing a cloak (moderately wounded, moving very quickly)
The flame hits Crazy Yiuf.
Crazy Yiuf is heavily wounded.
Crazy Yiuf hits you with a quarterstaff of chaos!
* * * LOW HITPOINT WARNING * * *
Casting: Flame Tongue
Confirm with . or Enter, or press ? or * to list all spells.
Aiming: Flame Tongue
Press: ? - help, Shift-Dir - straight line, f/p - Crazy Yiuf
Aim: Crazy Yiuf, wielding a quarterstaff of chaos and wearing a cloak (heavily wounded, moving very quickly)
The flame hits Crazy Yiuf.
Crazy Yiuf is almost dead.
Crazy Yiuf hits you with a quarterstaff of chaos.
You die...

.##...<#..##.#
.......#..####
..%.......##
..#........##♣♣♣
..#........##♣♣♣♣ ##
..#...........♣♣♣♣♣♣#..)
..#............♣♣♣♣.....
..#.............♣g.♣#
..#............♣@♣♣♣
..#........##♣♣♣♣♣♣
###........##♣♣♣♣♣♣
.........# ..........
....#### # ...#


You could see Crazy Yiuf.

Vanquished Creatures
  A worm (D:2)
  A giant gecko (D:1)
  An orc (D:2)
  A ball python (D:1)
  3 giant cockroaches (D:1)
  3 hobgoblins (D:1)
  5 kobolds
  4 bats
  2 giant newts
  2 goblins (D:1)
  12 jackals
  A quokka (D:2)
  9 rats
45 creatures vanquished.

Vanquished Creatures (others)
  2 goblins
2 creatures vanquished.

Grand Total: 47 creatures vanquished

Notes
Turn   | Place    | Note
--------------------------------------------------------------
     0 | D:1      | Kae, the Tengu Fire Elementalist, began the quest for the Orb.
     0 | D:1      | Reached XP level 1. HP: 10/10 MP: 3/3
   568 | D:1      | Reached XP level 2. HP: 15/15 MP: 5/5
  1258 | D:2      | Found a shattered altar of Ashenzari.
  1339 | D:2      | Found a deep blue altar of Sif Muna.
  1465 | D:2      | Reached XP level 3. HP: 15/19 MP: 6/6
  1706 | D:2      | Reached skill level 4 in Fire Magic
  2338 | D:3      | Noticed Crazy Yiuf
  2415 | D:3      | Slain by Crazy Yiuf

Action                   || total
-------------------------++-------
Melee: Unarmed           ||    12
       Mace              ||    43
 Cast: Flame Tongue      ||    50
  Use: Scroll            ||     5
 Stab: Sleeping          ||     2
